 Dungeon Crawl Stone Soup version 0.19-a0-1268-g6c5d9f8 (webtiles) character file.

1455 George the Carver (level 8, -5/73 HPs)
             Began as a Minotaur Monk on Aug 29, 2016.
             Was a Priest of Okawaru.
             Slain by truemonolith's ghost (6 damage)
             ... on level 7 of the Dungeon.
             The game lasted 00:17:05 (7684 turns).

George the Carver (Minotaur Monk)                   Turns: 7684, Time: 00:17:06

Health: -5/73      AC:  3    Str: 16    XL:     8   Next: 47%
Magic:  9/9        EV: 16    Int:  7    God:    Okawaru [***...]
Gold:   379        SH:  0    Dex: 15    Spells: 0 memorised, 7 levels left

rFire  . . .     SeeInvis .     a - +1 falchion
rCold  + . .     Gourm    .     h - +1 robe {rC+}
rNeg   . . .     Faith    .     (no shield)
rPois  .         Spirit   .     (helmet restricted)
rElec  .         Dismiss  .     (no cloak)
rCorr  .         Reflect  .     (no gloves)
MR     +....     Harm     .     (no boots)
Stlth  ++........               (no amulet)
                                (no ring)
                                A - ring of protection from magic (curse)

@: no status effects
A: retaliatory headbutt, horns 2
a: Heroism, Renounce Religion


You were on level 7 of the Dungeon.
You worshipped Okawaru.
Okawaru was most pleased with you.
You were not hungry.

You visited 2 branches of the dungeon, and saw 8 of its levels.
You also visited: Sewer.

You collected 379 gold pieces.

Inventory:

Hand Weapons
 a - a +1 falchion (weapon)
 l - a +1 short sword of flaming
Armour
 h - a +1 robe of cold resistance (worn)
Jewellery
 j - an uncursed ring of ice
 A - a cursed ring of protection from magic (left hand)
Wands
 o - a wand of iceblast (4/15)
Scrolls
 b - a scroll of enchant weapon
 f - 6 scrolls of teleportation
 g - 4 scrolls of remove curse
 k - a scroll of enchant armour
 t - a scroll of fear {unknown}
 y - a scroll of noise {unknown}
 D - a scroll of fog
Potions
 d - a potion of cancellation
 e - 6 potions of might {unknown}
 i - a potion of resistance
 n - a potion of agility
 p - a potion of lignification {unknown}
 q - 3 potions of flight
 r - a potion of invisibility {unknown}
 s - a potion of cure mutation {unknown}
 u - 2 potions of degeneration {unknown}
 v - a potion of curing
 w - a potion of haste
 z - 2 potions of ambrosia {unknown}
 B - a potion of heal wounds {unknown}
Comestibles
 c - 5 bread rations
 m - 5 meat rations
 x - a beef jerky


   Skills:
 + Level 7.2 Fighting
 * Level 9.2 Long Blades
 + Level 6.2 Dodging
 - Level 1.5 Stealth
 + Level 3.0 Invocations


You had 7 spell levels left.
You didn't know any spells.

Dungeon Overview and Level Annotations

Branches:
Dungeon (7/15)             Temple (1/1) D:4

Altars:
Ashenzari
Cheibriados
Dithmenos
Elyvilon
Fedhas
Gozag
Hepliaklqana
Kikubaaqudgha
Nemelex Xobeh
Okawaru
Qazlal
Sif Muna
Uskayaw
Vehumet
Yredelemnul
Zin
The Shining One

Annotations:
D:7 truemonolith's ghost, novice GrGl


Innate Abilities, Weirdness & Mutations

You reflexively headbutt those who attack you in melee.
You have a pair of horns on your head.


Message History

Truemonolith's ghost is almost destroyed.
You hit truemonolith's ghost but do no damage.
You headbutt truemonolith's ghost, but do no damage.
Truemonolith's ghost is almost destroyed.
Truemonolith's ghost hits you.
You hit truemonolith's ghost but do no damage.
Truemonolith's ghost is severely damaged.
Truemonolith's ghost hits you.
* * * LOW HITPOINT WARNING * * *
x2 You barely miss truemonolith's ghost.
Truemonolith's ghost is severely damaged.
All of the chunks of flesh in your inventory have rotted away.
You closely miss truemonolith's ghost.
Truemonolith's ghost is severely damaged.
Truemonolith's ghost hits you but does no damage.
You hit truemonolith's ghost but do no damage.
Truemonolith's ghost is severely damaged.
Truemonolith's ghost hits you!
* * * LOW HITPOINT WARNING * * *
You die...

.... #.## ####(..# #...#
...# ##.####......## #>...
.### #.###.........# ##...
## ##)#...........## #...
########..)............#
##..
###.....W................#
##..
.....######.#............#
##.## ######
#..#.W.........# ##.##
##..##@........###.##
##..###.......##..#
##.#####..<..#..##
####..## ####.#..##
#..##..## ##(.## ##......#
#..## ######.# #### ###


You could see truemonolith's ghost.

Vanquished Creatures
  A phantom (D:5)
  4 ogres
  The ghost of Kidiri the Magician, an amateur DEFE (D:3)
  A giant frog (D:6)
  3 scorpions
  A howler monkey (D:4)
  3 hounds
  A centaur skeleton (D:5)
  2 orc priests
  A giant frog skeleton (D:4)
  3 worker ants
  2 orc wizards
  Natasha (thrice) (D:3)
  A killer bee zombie (D:7)
  A hound zombie (D:5)
  3 gnolls (D:4)
  7 adders
  7 oozes (Sewer)
  An adder skeleton (D:4)
  An adder zombie (D:5)
  9 worms
  10 giant geckos
  11 orcs
  4 ball pythons
  17 bats
  6 giant cockroaches
  5 goblins
  A hobgoblin (D:3)
  9 jackals
  2 quokkas
  8 giant newts
  12 kobolds
  8 rats
149 creatures vanquished.

Notes
Turn   | Place    | Note
-------+----------+-------------------------------------------
     0 | D:1      | George the Minotaur Monk began the quest for the Orb.
     0 | D:1      | Reached XP level 1. HP: 19/19 MP: 0/0
   121 | D:1      | Reached XP level 2. HP: 12/27 MP: 1/1
   684 | D:1      | Reached skill level 4 in Long Blades
  1172 | D:2      | Reached XP level 3. HP: 33/33 MP: 2/2
  1914 | D:3      | Noticed Natasha
  1920 | D:3      | Killed Natasha
  1920 | D:3      | Reached XP level 4. HP: 36/41 MP: 3/3
  1927 | D:3      | Noticed Kidiri's ghost (amateur DEFE)
  1963 | D:3      | Killed Kidiri's ghost
  1963 | D:3      | Reached skill level 5 in Fighting
  1963 | D:3      | Reached skill level 5 in Long Blades
  1963 | D:3      | Reached XP level 5. HP: 13/48 MP: 4/4
  2200 | D:3      | Noticed Natasha
  2242 | D:3      | Found a glowing drain.
  2251 | Sewer    | Entered a sewer
  2261 | Sewer    | HP: 2/48 [worm (9)]
  3261 | D:3      | Killed Natasha
  3261 | D:3      | Reached skill level 6 in Long Blades
  3261 | D:3      | Reached XP level 6. HP: 29/56 MP: 5/5
  3468 | D:3      | Noticed Natasha
  3483 | D:3      | Killed Natasha
  4607 | D:4      | Reached skill level 7 in Long Blades
  4607 | D:4      | Reached skill level 5 in Dodging
  4622 | D:4      | Reached XP level 7. HP: 60/63 MP: 6/6
  4900 | D:4      | Found a staircase to the Ecumenical Temple.
  4909 | Temple   | Entered the Ecumenical Temple
  4978 | Temple   | Became a worshipper of Warmaster Okawaru
  4978 | Temple   | Reached * piety under Okawaru
  4978 | Temple   | Reached ** piety under Okawaru
  5110 | D:5      | Entered Level 5 of the Dungeon
  5709 | D:5      | Reached skill level 8 in Long Blades
  5709 | D:5      | Reached skill level 1 in Invocations
  5840 | D:5      | Found a shattered altar of Ashenzari.
  6278 | D:6      | Reached XP level 8. HP: 71/71 MP: 8/8
  6301 | D:6      | Found a deep blue altar of Sif Muna.
  6950 | D:6      | Found a snail-covered altar of Cheibriados.
  7183 | D:6      | Reached skill level 9 in Long Blades
  7453 | D:7      | Reached *** piety under Okawaru
  7618 | D:7      | Noticed truemonolith's ghost (novice GrGl)
  7684 | D:7      | HP: 1/73 [truemonolith's ghost (17)]
  7684 | D:7      | Slain by truemonolith's ghost

Vault maps used:
D:1:      lightli_arrival_statuegarden, st_stairs_8
D:2:      serial_bayou_ford_a
D:3:      portal_sewer_entry_b, uniq_natasha
D:5:      kennysheep_mini_moat, first_bread, minmay_small_thing
D:6:      overflow_temple_1_default, overflow_temple_1_default
D:7:      gammafunk_temple_overflow_wave
Temple:   eino_temple_lava
Sewer:    sewer_fruit_machine

Skill      XL: |  1  2  3  4  5  6  7  8 |
---------------+-------------------------+-----
Fighting       | 4 5 6 7 |  7.2
Long Blades    | 4 5 6 7 8 9 |  9.2
Dodging        | 4 5 6 |  6.2
Invocations    | 1 3 |  3.0
Stealth        | |  1.5

Action                   |  1- 3 |  4- 6 |  7- 9 || total
-------------------------+-------+-------+-------++-------
Melee: Falchion          |   105 |   197 |   204 ||   506
       Headbutt          |    12 |    29 |    34 ||    75
Evoke: Wand              |       |     3 |       ||     3
  Use: Scroll            |     5 |     4 |       ||     9
       Potion            |       |     1 |       ||     1
 Stab: Sleeping          |     4 |     1 |     3 ||     8
       Distracted        |       |     1 |       ||     1
  Eat: Chunk             |     3 |     9 |     8 ||    20
       Royal jelly       |       |       |     1 ||     1
Armor: Robe              |    16 |    29 |    24 ||    69
Dodge: Dodged            |    62 |    99 |    96 ||   257
